 Dungeon Crawl Stone Soup version 0.30.1-9-gdf580d7c3d (webtiles) character file.

Game seed: 749966510674401291

11206 ChiefBigBeans the Frost Mage (level 11, -2/101 HPs)
             Began as a Purple Draconian Ice Elementalist on Sept 24, 2023.
             Was an Elder of Cheibriados.
             Killed from afar by an electric eel (7 damage)
             ... with a bolt of electricity
             ... on level 11 of the Dungeon on Sept 25, 2023.
             The game lasted 00:50:36 (13012 turns).

ChiefBigBeans the Frost Mage (DrIE)                Turns: 13012, Time: 00:50:37

Health: -2/101     AC: 14    Str: 16    XL:     11   Next: 46%
Magic:  34/34      EV: 20    Int: 32    God:    Cheibriados [****..]
Gold:   293        SH:  0    Dex: 23    Spells: 5/30 levels left

rFire   + . .        l - +4 dagger of Xovavume {flame, Fly rC- Will+}
rCold   x . .        (no shield)
rNeg    . . .        (body armour unavailable)
rPois   .            (helmet restricted)
rElec   .            f - +1 cloak {rCorr}
rCorr   +            e - +1 pair of gloves
SInv    .            j - +2 pair of boots
Will    +....        n - amulet of regeneration
Stlth   ++           b - ring of Cosuip {rF+ Will- EV+5 Str-4 Int+3}
HPRegen 1.16/turn    k - ring of magical power
MPRegen 0.24/turn

%: no passive effects
@: flying, very slow
A: breathe power, AC +7, unfitting armour, cold-blooded
a: Breathe Dispelling Energy, Renounce Religion, Bend Time, Temporal Distortion,
Slouch


You were on level 11 of the Dungeon.
You worshipped Cheibriados.
Cheibriados was greatly pleased with you.
You visited 2 branches of the dungeon, and saw 12 of its levels.

You collected 513 gold pieces.
You spent 220 gold pieces at shops.

Inventory:

Hand Weapons
 a - a +1 falchion of draining
 l - the +4 dagger of Xovavume (weapon) {flame, Fly rC- Will+}
   (You found it on level 8 of the Dungeon)

   rC:        It makes you vulnerable to cold.
   Fly:       It grants you flight.
   Will:      It increases your willpower.
Armour
 e - a +1 pair of gloves (worn)
 f - a +1 cloak of preservation (worn)
 j - a +2 pair of boots (worn)
Jewellery
 b - the ring of Cosuip (left hand) {rF+ Will- EV+5 Str-4 Int+3}
   (You acquired it on level 2 of the Dungeon)

   [ring of evasion]

   EV:        It affects your evasion (+5).
   Str:       It affects your strength (-4).
   Int:       It affects your intelligence (+3).
   rF:        It protects you from fire.
   Will:      It decreases your willpower.
 k - a ring of magical power (right hand)
 n - an amulet of regeneration (around neck)
Wands
 m - a wand of flame (14)
 s - a wand of light (4)
 t - a wand of charming (11)
Scrolls
 i - 3 scrolls of teleportation
 o - 5 scrolls of identify
Potions
 c - a potion of ambrosia
 d - 3 potions of flight
 g - 2 potions of cancellation
 h - a potion of curing
 q - a potion of brilliance
 u - a potion of might


   Skills:
 + Level 10.5 Fighting
 * Level 6.5 Short Blades
 - Level 0.7(4.1) Long Blades
 + Level 4.7 Dodging
 - Level 1.7 Stealth
 - Level 10.0 Spellcasting
 + Level 10.8 Ice Magic


You had 5 spell levels left.
You knew the following spells:

 Your Spells              Type           Power      Damage    Failure   Level
a - Freeze                Ice            100%       1d10      1%          1
b - Ozocubu's Armour      Ice            71%        N/A       1%          3
c - Summon Ice Beast      Ice/Summ       50%        N/A       3%          4
d - Freezing Cloud        Conj/Ice/Air   19%        6-21      19%         5
e - Frozen Ramparts       Ice            100%       1d16      1%          3
f - Hailstorm             Conj/Ice       50%        3d11      1%          3
g - Ice Form              Ice/Tmut       50%        N/A       3%          4
h - Ensorcelled Hibernat  Hex/Ice        100%       N/A       1%          2

Your spell library contained the following spells:

 Spells                   Type           Power      Damage    Failure   Level
 Kiss of Death            Conj/Necr      64%        2d10      3%          1
 Necrotise                Necr           64%        1d7       3%          1
 Slow                     Hex            64%        N/A       3%          1
 Cigotuvi's Dreadful Rot  Necr/Pois/Air  32%        N/A       4%          2
 Passwall                 Tmut/Erth      13%        N/A       4%          2
 Call Canine Familiar     Summ           16%        N/A       9%          3
 Confusing Touch          Hex            16%        N/A       9%          3
 Ignite Poison            Fire/Tmut/Pois 16%        N/A       9%          3
 Portal Projectile        Hex/Tloc       32%        N/A       9%          3
 Swiftness                Air            16%        N/A       9%          3
 Vampiric Draining        Necr           16%        2d7       9%          3
 Dispel Undead            Necr           16%        3d10      30%         4
 Leda's Liquefaction      Hex/Erth       8%         N/A       30%         4
 Olgreb's Toxic Radiance  Pois           16%        N/A       30%         4
 Agony                    Necr           16%        N/A       63%         5
 Lee's Rapid Deconstruct  Erth           8%         3d7*      63%         5
 Simulacrum               Ice/Necr       25%        N/A       45%         6
 Statue Form              Tmut/Erth      10%        N/A       99%         6
 Discord                  Hex            8%         N/A       100%        8
 Ignition                 Fire           8%         3d5       100%        8


Dungeon Overview and Level Annotations

Branches:
Dungeon (11/15)            Temple (1/1) D:5            Lair (0/5) D:8
    Orc: D:9-12

Altars:
Ashenzari
Cheibriados
Dithmenos
Elyvilon
Fedhas
Gozag
Hepliaklqana
Kikubaaqudgha
Makhleb
Nemelex Xobeh
Okawaru
Qazlal
Ru
Sif Muna
Trog
Uskayaw
Vehumet
Wu Jian
Xom
Yredelemnul
Zin
The Shining One

Shops:
D:5 =


Innate Abilities, Weirdness & Mutations

You can breathe bolts of dispelling energy.
Your rich purple scales are hard. (AC +7)
You cannot fit into any form of body armour.
You are cold-blooded and may be slowed by cold attacks.


Message History

The orc dies!
The bolt of electricity hits you!
The orc curses repeatedly, as Orcs often do.
There is a stone staircase leading up, spattered with blood here.
The electric eel shoots out a bolt of lightning at you!
The bolt of electricity misses you.
An orc comes into view. It is wielding a +0 hand axe.
The electric eel shoots out a bolt of lightning at you!
The bolt of electricity hits you.
The orc priest begins to cast a cantrip, but forgets the words!
The orc barely misses you.
The orc priest calls down the wrath of Beogh upon you.
Beogh smites you!
The electric eel shoots out a bolt of lightning at you!
The bolt of electricity misses you. The orc hits you but does no damage.
The orc barely misses you.
The electric eel shoots out a bolt of lightning at you!
The bolt of electricity misses you.
The electric eel shoots out a bolt of lightning at you!
The bolt of electricity misses you. The orc closely misses you.
The electric eel shoots out a bolt of lightning at you!
The bolt of electricity hits you. The orc completely misses you. x2
The electric eel shoots out a bolt of lightning at you!
The bolt of electricity hits the orc!
The orc dies!
The bolt of electricity hits you!
The orc priest mumbles some strange prayers to Beogh against you.
Beogh smites you!
The electric eel shoots out a bolt of lightning at you!
The bolt of electricity hits you!
* * * LOW HITPOINT WARNING * * *
The orc misses you. x3; The orc barely misses you.
The orc priest calls down the wrath of Beogh upon you.
Beogh smites you!
* * * LOW HITPOINT WARNING * * *
The orc barely misses you.
The electric eel shoots out a bolt of lightning at you!
The bolt of electricity hits you!
You die...

####.# ......
≈≈≈≈8.#########
≈≈≈8≈.........#
#'o≈≈...<.....#
#o≈S.........#
.##≈S.........#
....).o@......#
.##≈≈[.oo.....#
#o≈≈.........#
+.≈≈.........#
≈≈≈8≈.......###
≈≈≈≈8...<...+
............#
............#
.....^.....#


You could see 2 electric eels, 2 orc priests and 4 orcs.

Vanquished Creatures
  3 two-headed ogres
  A cyclops (D:7)
  A slime creature (D:8)
  A shadow (D:10)
  3 wraiths
  9 yaks (D:10)
  Eustachio (D:6)
  6 wyverns
  2 steam dragons (D:9)
  5 acid dragons
  2 water moccasins (D:8)
  A sky beast (D:7)
  5 orc warriors
  2 black bears
  2 wolves (D:8)
  A centaur (D:7)
  4 phantoms
  3 kobold brigands
  5 bullfrogs
  3 scorpions
  8 wights
  4 killer bees (D:9)
  The ghost of Achilles the Cudgeller, a weakling DsGl of Vehumet (D:3)
  2 electric eels (D:11)
  2 hounds
  An orc priest (D:4)
  Crazy Yiuf (D:3)
  A sleepcap (D:6)
  2 iguanas
  Terence (D:2)
  8 orc wizards
  6 adders
  3 gnolls (D:3)
  A white imp (D:5)
  2 ufetubi (D:5)
  3 dart slugs
  25 orcs
  10 endoplasms
  3 giant cockroaches
  8 goblins
  5 hobgoblins
  5 quokkas
  7 ball pythons
  6 bats
  19 kobolds
  3 rats
197 creatures vanquished.

Vanquished Creatures (collateral kills)
  A two-headed ogre (D:10)
  Maggie (D:8)
  Prince Ribbit (D:6)
  4 yaks (D:10)
  2 sleepcaps
  2 adders (D:4)
  A worm (D:4)
  An orc (D:4)
  A ball python (D:4)
  An endoplasm (D:4)
  2 goblins
  A hobgoblin (D:4)
  A kobold (D:4)
19 creatures vanquished.

Vanquished Creatures (others)
  6 orcs
6 creatures vanquished.

Grand Total: 222 creatures vanquished

Notes
Turn   | Place    | Note
-------+----------+-------------------------------------------
     0 | D:1      | ChiefBigBeans the Draconian Ice Elementalist began the
                  | quest for the Orb.
     0 | D:1      | Reached XP level 1. HP: 14/14 MP: 3/3
   183 | D:1      | Reached XP level 2. HP: 20/20 MP: 3/5
  1075 | D:2      | Identified a scroll of acquirement
  1075 | D:2      | Acquired the ring of Cosuip {rF+ Will- EV+5 Str-4 Int+3}
  1150 | D:2      | Noticed Terence
  1172 | D:2      | Killed Terence
  1173 | D:2      | Reached XP level 3. HP: 17/26 MP: 1/7
  1369 | D:2      | Reached XP level 4. HP: 21/33 MP: 1/8
  1434 | D:2      | Learned a level 3 spell: Ozocubu's Armour
  1439 | D:2      | Learned a level 4 spell: Summon Ice Beast
  1943 | D:3      | Found a transporter.
  1946 | D:3      | Found a transporter.
  1946 | D:3      | Noticed Achilles's ghost (weakling DsGl)
  1983 | D:3      | Reached skill level 5 in Ice Magic
  1987 | D:3      | Reached skill level 1 in Fighting
  2108 | D:3      | Noticed a scorpion
  2113 | D:3      | Killed a scorpion
  2114 | D:3      | Reached XP level 5. HP: 35/41 MP: 4/10
  2398 | D:3      | Found a glowing silver altar of Zin.
  2658 | D:3      | Found a runed translucent door.
  2659 | D:3      | Noticed Crazy Yiuf
  2849 | D:3      | Found a shimmering blue altar of Sif Muna.
  2892 | D:3      | Killed Achilles's ghost
  3210 | D:3      | Killed Crazy Yiuf
  3277 | D:3      | Reached XP level 6. HP: 50/50 MP: 9/12
  3769 | D:4      | Found a shimmering altar of Xom.
  4326 | D:5      | Entered Level 5 of the Dungeon
  4378 | D:5      | Identified the +1 ring mail of Juat {Contam rF- rCorr
                  | Str+8}
  4400 | D:5      | Your scales start taking on a rich purple colour.
  4400 | D:5      | Reached skill level 5 in Spellcasting
  4400 | D:5      | Reached XP level 7. HP: 58/58 MP: 3/15
  4406 | D:5      | Learned a level 5 spell: Freezing Cloud
  4410 | D:5      | Learned a level 3 spell: Frozen Ramparts
  4557 | D:5      | Found Oxebit's Jewellery Emporium.
  4562 | D:5      | Bought a ring of magical power for 220 gold pieces
  4623 | D:5      | Found a staircase to the Ecumenical Temple.
  4639 | D:5      | Found a hazy altar of Hepliaklqana.
  4720 | Temple   | Entered the Ecumenical Temple
  4803 | Temple   | Became a worshipper of Cheibriados the Contemplative
  6363 | D:6      | Reached skill level 5 in Fighting
  6363 | D:6      | Reached XP level 8. HP: 55/68 MP: 1/17
  6582 | D:6      | Noticed Eustachio
  6612 | D:6      | Killed Eustachio
  6794 | D:6      | Noticed Prince Ribbit
  6804 | D:6      | Killed Prince Ribbit
  6810 | D:6      | Learned a level 3 spell: Hailstorm
  7080 | D:7      | Reached * piety under Cheibriados
  7437 | D:7      | Reached XP level 9. HP: 56/78 MP: 21/21
  7656 | D:7      | Noticed a cyclops
  7668 | D:7      | Killed a cyclops
  8433 | D:8      | Found a staircase to the Lair.
  8443 | D:8      | Reached XP level 10. HP: 44/90 MP: 17/23
  8602 | D:8      | Reached ** piety under Cheibriados
  8855 | D:8      | Noticed Maggie
  8868 | D:8      | Killed Maggie
  8987 | D:8      | Reached skill level 10 in Spellcasting
  9128 | D:8      | Learned a level 4 spell: Ice Form
  9465 | D:8      | Identified the +4 dagger of Xovavume {flame, Fly rC- Will+}
  9483 | D:8      | Identified the staff of poison "Xisishan" {Drain +Blink Fly
                  | rPois}
  9907 | D:8      | Learned a level 2 spell: Ensorcelled Hibernation
  9969 | D:9      | Reached skill level 1 in Short Blades
 10338 | D:9      | Noticed a two-headed ogre
 10352 | D:9      | Killed a two-headed ogre
 10353 | D:9      | Reached skill level 10 in Ice Magic
 10889 | D:9      | Noticed a two-headed ogre
 10904 | D:9      | Killed a two-headed ogre
 11144 | D:9      | Reached *** piety under Cheibriados
 11473 | D:9      | Found a bloodstained altar of Trog.
 11473 | D:9      | Found a sparkling altar of Nemelex Xobeh.
 11473 | D:9      | Found a sacrificial altar of Ru.
 11484 | D:10     | Entered Level 10 of the Dungeon
 11484 | D:10     | Noticed a two-headed ogre
 11488 | D:10     | Killed a two-headed ogre
 11489 | D:10     | Reached skill level 10 in Fighting
 11489 | D:10     | Reached XP level 11. HP: 71/99 MP: 25/25
 11723 | D:10     | Noticed a two-headed ogre
 11725 | D:10     | Reached skill level 5 in Short Blades
 11754 | D:10     | Killed a two-headed ogre
 11755 | D:10     | Reached **** piety under Cheibriados
 11771 | D:10     | Upgraded the game from 0.30.1-8-g117510f58f to
                  | 0.30.1-9-gdf580d7c3d
 13012 | D:11     | HP: 5/101 [orc priest/divine providence (16)]
 13012 | D:11     | Killed from afar by an electric eel

Illustrated notes

Levels and vault maps discovered:
D:1:      dpeg_arrival_simpleton_c, layout_basic
D:2:      layout_loops_cross, uniq_terence
D:3:      layout_basic, led_sif_book, zin_academy, gammafunk_ghost_arena,
          uniq_crazy_yiuf_cottage
D:4:      layout_basic, xom_confusion_cloud
D:5:      layout_gridville, nicolae_hepliaklqana_hazy_memory,
          minmay_temple_entry_grid, serial_shops, nicolae_shop_hallway_plus
D:6:      layout_cave_pools, kennysheep_nub, uniq_eustachio, uniq_prince_ribbit1
D:7:      layout_basic, minmay_manual_macuahuitl
D:8:      layout_basic, minmay_lair_entry_grove, abandoned_shop,
          small_chamber_with_monster, serial_bayou_crossing, uniq_maggie
D:9:      layout_roguey, gammafunk_temple_overflow_claw, serial_rivers,
          chequers_serial_rivers_micro_c, chequers_serial_rivers_micro_b,
          chequers_serial_rivers_large_b, chequers_serial_rivers_micro_e
D:10:     layout_basic, grunt_ministairs_11
D:11:     layout_irregular_city, erik_orc_2, enter_trove_3, evilmike_butchery,
          uniq_harold, uniq_maurice
Temple:   hellmonk_temple_two_chambers

Skill      XL: |  1  2  3  4  5  6  7  8  9 10 11 |
---------------+----------------------------------+-----
Spellcasting   | 3 4 5 6 8 9 10 | 10.0
Ice Magic      | 5 6 8 9 10 | 10.8
Fighting       | 1 2 3 5 6 8 10 | 10.5
Dodging        | 3 4 |  4.7
Short Blades   | 4 6 |  6.5
Long Blades    | |  0.7
Stealth        | |  1.7

Action                     |  1- 3 |  4- 6 |  7- 9 | 10-12 || total
---------------------------+-------+-------+-------+-------++-------
  Melee: Unarmed           |    17 |       |       |    52 ||    69
         Tailslap          |     8 |     7 |    16 |    44 ||    75
         Dagger            |    37 |    49 |       |   163 ||   249
         Quarterstaff      |       |    29 |    14 |       ||    43
         Flail             |       |       |    21 |       ||    21
         Falchion          |       |       |   131 |    67 ||   198
         Punch             |       |       |     4 |     3 ||     7
   Cast: Freeze            |    40 |    65 |   193 |    80 ||   378
         Ozocubu's Armour  |       |     9 |     5 |     4 ||    18
         Summon Ice Beast  |       |     3 |     3 |     7 ||    13
         Hailstorm         |       |       |    10 |     5 ||    15
         Ice Form          |       |       |       |     3 ||     3
         Ensorcelled Hiber |       |       |       |     3 ||     3
         Freezing Cloud    |       |       |       |     8 ||     8
         Frozen Ramparts   |       |       |       |     1 ||     1
    Use: Scroll            |     7 |     6 |     2 |     7 ||    22
         Potion            |       |     3 |       |     6 ||     9
   Stab: Sleeping          |       |     6 |       |     1 ||     7
 Armour: Skin              |    18 |    49 |   171 |   159 ||   397
  Dodge: Dodged            |    74 |   116 |   497 |   395 ||  1082
